MLB
BOSTON RED SOX @ MINNESOTA TWINS
09/15/2048
 
TOP OF THE 1ST
Boston Red Sox batting - Pitching for Minnesota Twins : RHP Scott Shank
Pitching: RHP Scott Shank
Batting: RHB Josh Froyd 0-0: Ground out 5-3 (Groundball, 56, EV 86.9 MPH)
Batting: LHB Tim Fuller 0-0: Called Strike
0-1: Swinging Strike
0-2: Strikes out looking
Batting: LHB Kevin McCormic Jr. 0-0: Called Strike
0-1: Foul Ball, location: 2F
0-2: Strikes out swinging
Top of the 1st over - 0 runs, 0 hits, 0 errors, 0 left on base; Boston 0 - Minnesota 0
BOTTOM OF THE 1ST
Minnesota Twins batting - Pitching for Boston Red Sox : RHP J.J. Dean
Pitching: RHP J.J. Dean
Batting: RHB Miguel Diaz 0-0: Ball
1-0: Ball
2-0: Ground out 6-3 (Groundball, 6MS, EV 83.8 MPH)
Batting: RHB Miguel Gonzalez 0-0: Called Strike
0-1: Ball
1-1: Ball
2-1: Foul Ball, location: 2F
2-2: Strikes out looking
Batting: LHB Ricardo Batista 0-0: Ball
1-0: Ball
2-0: Called Strike
2-1: Swinging Strike
2-2: Strikes out swinging
Bottom of the 1st over - 0 runs, 0 hits, 0 errors, 0 left on base; Boston 0 - Minnesota 0
TOP OF THE 2ND
Boston Red Sox batting - Pitching for Minnesota Twins : RHP Scott Shank
Batting: RHB David Price Jr. 0-0: Ball
1-0: Fly out, F5 (Popup, 5SF, EV 73.8 MPH)
Batting: LHB Jarrett Mordecai 0-0: Foul Ball, location: 2F
0-1: SINGLE (Line Drive, 6MD, EV 95.0 MPH)
Batting: LHB Zack Guillen 0-0: Called Strike
0-1: Foul Ball, location: 2F
0-2: Ball
1-2: Ball
2-2: Ball
3-2: Foul Ball, location: 2F
3-2: Base on Balls
Jarrett Mordecai to second
Batting: SHB Greg Shaw 0-0: 3-RUN HOME RUN (Flyball, 7D, EV 98.8 MPH), Distance : 382 ft
Batting: RHB John Chiesa 0-0: Ball
1-0: Fly out, F4 (Line Drive, 4, EV 75.6 MPH)
Batting: RHB Joe Sandoval 0-0: Called Strike
0-1: Ball
1-1: Ground out 5-3 (Groundball, 56S, EV 88.1 MPH)
Top of the 2nd over - 3 runs, 2 hits, 0 errors, 0 left on base; Boston 3 - Minnesota 0
BOTTOM OF THE 2ND
Minnesota Twins batting - Pitching for Boston Red Sox : RHP J.J. Dean
Batting: RHB Will Leslie 0-0: Foul Ball, location: 2F
0-1: Ball
1-1: Called Strike
1-2: Strikes out swinging
Batting: LHB Ryan Flynn Jr. 0-0: Called Strike
0-1: Ball
1-1: Foul Ball, location: 2F
1-2: Ball
2-2: Foul Ball, location: 2F
2-2: Strikes out swinging
Batting: RHB Matt Dunn 0-0: Ball
1-0: Called Strike
1-1: Foul Ball, location: 2F
1-2: Ball
2-2: Ball
3-2: Foul Ball, location: 2F
3-2: Ground out 5-3 (Groundball, 56, EV 78.1 MPH)
Bottom of the 2nd over - 0 runs, 0 hits, 0 errors, 0 left on base; Boston 3 - Minnesota 0
TOP OF THE 3RD
Boston Red Sox batting - Pitching for Minnesota Twins : RHP Scott Shank
Batting: RHB Josh Froyd 0-0: Ball
1-0: SOLO HOME RUN (Flyball, 9LD, EV 97.5 MPH), Distance : 368 ft
Batting: LHB Tim Fuller 0-0: Foul Ball, location: 2F
0-1: Ball
1-1: Ball
2-1: Fly out, F9 (Flyball, 89M, EV 83.8 MPH)
Batting: LHB Kevin McCormic Jr. 0-0: Ball
1-0: Called Strike
1-1: Called Strike
1-2: Foul Ball, location: 2F
1-2: SOLO HOME RUN (Flyball, 9LD, EV 97.5 MPH), Distance : 364 ft
Batting: RHB David Price Jr. 0-0: Called Strike
0-1: Ball
1-1: SINGLE (Groundball, 4MS, EV 73.8 MPH) (infield hit)
Batting: LHB Jarrett Mordecai 0-0: Fly out, F7 (Line Drive, 7LM, EV 93.8 MPH)
Batting: LHB Zack Guillen 0-0: Ground out 5-3 (Groundball, 6S, EV 83.8 MPH)
Top of the 3rd over - 2 runs, 3 hits, 0 errors, 1 left on base; Boston 5 - Minnesota 0
BOTTOM OF THE 3RD
Minnesota Twins batting - Pitching for Boston Red Sox : RHP J.J. Dean
Batting: LHB Chaim Huting 0-0: Called Strike
0-1: Ball
1-1: Foul Ball, location: 2F
1-2: SINGLE (Line Drive, 5D, EV 102.5 MPH)
Batting: RHB Alex Rodriguez Jr. 0-0: Ball
1-0: Ball
2-0: Ball
3-0: Fly out, F8 (Flyball, 8RD, EV 98.8 MPH)
Batting: LHB Per Meulengracht 0-0: Ball
1-0: Foul Ball, location: 2F
1-1: Foul Ball, location: 2F
1-2: Ball
2-2: Hit by Pitch
Chaim Huting to second
Batting: RHB Miguel Diaz 0-0: Called Strike
0-1: Ball
1-1: SINGLE (Line Drive, 4MD, EV 96.9 MPH)
Chaim Huting to third
Per Meulengracht to second
Batting: RHB Miguel Gonzalez 0-0: Fly out, F9 (Line Drive, 9S, EV 93.1 MPH)
Batting: LHB Ricardo Batista 0-0: Swinging Strike
0-1: Foul Ball, location: 2F
0-2: Foul Ball, location: 2F
0-2: Ball
1-2: Foul Ball, location: 2F
1-2: Ball
2-2: Foul Ball, location: 2F
2-2: Ball
3-2: Foul Ball, location: 2F
3-2: Base on Balls
Chaim Huting scores
Per Meulengracht to third
Miguel Diaz to second
Batting: RHB Will Leslie 0-0: Fielders Choice at 2nd, 5-4 (Groundball, 56, EV 105.0 MPH)
Bottom of the 3rd over - 1 run, 2 hits, 0 errors, 3 left on base; Boston 5 - Minnesota 1
TOP OF THE 4TH
Boston Red Sox batting - Pitching for Minnesota Twins : RHP Scott Shank
Batting: SHB Greg Shaw 0-0: Ball
1-0: Called Strike
1-1: Called Strike
1-2: Ball
2-2: Ground out 6-3 (Groundball, 4MD, EV 93.1 MPH)
Batting: RHB John Chiesa 0-0: Ground out 4-3 (Groundball, 4, EV 86.2 MPH)
Batting: RHB Joe Sandoval 0-0: Ball
1-0: Ball
2-0: Ball
3-0: Base on Balls
Batting: RHB Josh Froyd 0-0: Called Strike
0-1: Ball
1-1: Foul Ball, location: 2F
1-2: Ground out 6-3 (Groundball, 6MS, EV 64.4 MPH)
Top of the 4th over - 0 runs, 0 hits, 0 errors, 1 left on base; Boston 5 - Minnesota 1
BOTTOM OF THE 4TH
Minnesota Twins batting - Pitching for Boston Red Sox : RHP J.J. Dean
Batting: LHB Ryan Flynn Jr. 0-0: Fly out, F6 (Flyball, 4MD, EV 80.0 MPH)
Batting: RHB Matt Dunn 0-0: Ball
1-0: Foul Ball, location: 2F
1-1: Foul Ball, location: 2F
1-2: Ball
2-2: Strikes out swinging
Batting: LHB Chaim Huting 0-0: Ball
1-0: Called Strike
1-1: DOUBLE (Line Drive, 7LS, EV 109.4 MPH)
Batting: RHB Alex Rodriguez Jr. 0-0: Ball
1-0: Foul Ball, location: 2F
1-1: Swinging Strike
1-2: Ball
2-2: Foul Ball, location: 2F
2-2: Strikes out looking
Bottom of the 4th over - 0 runs, 1 hit, 0 errors, 1 left on base; Boston 5 - Minnesota 1
TOP OF THE 5TH
Boston Red Sox batting - Pitching for Minnesota Twins : RHP Scott Shank
Pitching: LHP Jim Storer
Pinch Hitting: SHB Marvin Lawrence 0-0: Called Strike
0-1: Ball
1-1: Foul Ball, location: 2F
1-2: Ball
2-2: Foul Ball, location: 2F
2-2: Ground out 6-3 (Groundball, 6, EV 83.1 MPH)
Batting: LHB Kevin McCormic Jr. 0-0: Called Strike
0-1: Ground out 6-3 (Groundball, 6, EV 87.5 MPH)
Batting: RHB David Price Jr. 0-0: Swinging Strike
0-1: Ground out 6-3 (Groundball, 6, EV 106.9 MPH)
Top of the 5th over - 0 runs, 0 hits, 0 errors, 0 left on base; Boston 5 - Minnesota 1
BOTTOM OF THE 5TH
Minnesota Twins batting - Pitching for Boston Red Sox : RHP J.J. Dean
Now at 3B: David Price Jr.
Now in RF: Marvin Lawrence
Batting: LHB Per Meulengracht 0-0: Foul Ball, location: 2F
0-1: Foul Ball, location: 2F
0-2: Strikes out swinging
Batting: RHB Miguel Diaz 0-0: Foul Ball, location: 2F
0-1: Foul Ball, location: 2F
0-2: Ball
1-2: Foul Ball, location: 2F
1-2: Ball
2-2: Ball
3-2: Foul Ball, location: 2F
3-2: Strikes out swinging
Batting: RHB Miguel Gonzalez 0-0: Ball
1-0: Called Strike
1-1: Called Strike
1-2: Ball
2-2: Strikes out swinging
Bottom of the 5th over - 0 runs, 0 hits, 0 errors, 0 left on base; Boston 5 - Minnesota 1
TOP OF THE 6TH
Boston Red Sox batting - Pitching for Minnesota Twins : LHP Jim Storer
Batting: LHB Jarrett Mordecai 0-0: Ball
1-0: Fly out, F8 (Flyball, 8LXD, EV 106.2 MPH)
Batting: RHB Nick Esteves 0-0: Ball
1-0: Called Strike
1-1: Called Strike
1-2: Strikes out swinging
Batting: SHB Greg Shaw 0-0: Foul Ball, location: 2F
0-1: Called Strike
0-2: Ball
1-2: Ball
2-2: Strikes out swinging
Top of the 6th over - 0 runs, 0 hits, 0 errors, 0 left on base; Boston 5 - Minnesota 1
BOTTOM OF THE 6TH
Minnesota Twins batting - Pitching for Boston Red Sox : RHP J.J. Dean
Batting: LHB Ricardo Batista 0-0: Ball
1-0: Called Strike
1-1: Ball
2-1: Foul Ball, location: 2F
2-2: Strikes out swinging
Batting: RHB Will Leslie 0-0: Called Strike
0-1: Fly out, F9 (Flyball, 9S, EV 73.8 MPH)
Batting: LHB Ryan Flynn Jr. 0-0: Reached on error, E3 (Groundball, 3, EV 83.8 MPH)
Pitching: RHP Billy Fitzgerald
Batting: RHB Matt Dunn 0-0: Ball
Ryan Flynn Jr. steals 2nd base
1-0: Ball
2-0: Swinging Strike
2-1: Foul Ball, location: 2F
2-2: Ball
3-2: Base on Balls
Batting: LHB Chaim Huting 0-0: Ball
1-0: Foul Ball, location: 2F
1-1: Ground out 6-3 (Groundball, 6MS, EV 88.8 MPH)
Bottom of the 6th over - 0 runs, 0 hits, 1 error, 2 left on base; Boston 5 - Minnesota 1
TOP OF THE 7TH
Boston Red Sox batting - Pitching for Minnesota Twins : LHP Jim Storer
Pitching: RHP Mike Torres
Batting: RHB John Chiesa 0-0: Ball
1-0: Ball
2-0: Ball
3-0: Called Strike
3-1: Base on Balls
Batting: RHB Joe Sandoval 0-0: Swinging Strike
0-1: Called Strike
0-2: Ball
1-2: Ball
2-2: Foul Ball, location: 2F
2-2: Strikes out swinging
Batting: RHB Josh Froyd 0-0: Ball
1-0: Called Strike
1-1: Called Strike
1-2: Foul Ball, location: 2F
1-2: Foul Ball, location: 2F
1-2: Ball
2-2: Ball
3-2: Strikes out looking
Batting: SHB Marvin Lawrence 0-0: Ball
John Chiesa steals 2nd base
1-0: Called Strike
1-1: Swinging Strike
1-2: Ball
Wild Pitch!
John Chiesa to third
2-2: Ball
3-2: Strikes out swinging
Top of the 7th over - 0 runs, 0 hits, 0 errors, 1 left on base; Boston 5 - Minnesota 1
BOTTOM OF THE 7TH
Minnesota Twins batting - Pitching for Boston Red Sox : RHP Billy Fitzgerald
Batting: RHB Alex Rodriguez Jr. 0-0: Hit by Pitch
Batting: LHB Per Meulengracht 0-0: Foul Ball, location: 2F
0-1: Called Strike
0-2: Ball
1-2: Ball
2-2: Ball
3-2: Foul Ball, location: 2F
3-2: Base on Balls
Alex Rodriguez Jr. to second
Batting: RHB Miguel Diaz 0-0: Foul Ball, location: 2F
0-1: Ball
1-1: Ball
2-1: Foul Ball, location: 2F
2-2: Strikes out looking
Batting: RHB Miguel Gonzalez 0-0: Called Strike
0-1: Ball
Wild Pitch!
Alex Rodriguez Jr. to third
Per Meulengracht to second
1-1: Ball
2-1: Ball
3-1: SINGLE (Groundball, 4S, EV 68.8 MPH) (infield hit)
Alex Rodriguez Jr. scores
Per Meulengracht to third
Pitching: LHP Adam Schneidewind
Batting: LHB Ricardo Batista 0-0: Ball
1-0: Ball
2-0: Called Strike
2-1: Ball
3-1: Foul Ball, location: 2F
3-2: Fly out, F7 (Flyball, 7D, EV 96.2 MPH)
Runner from 3rd tags up, SCORES, no throw by LF
Batting: RHB Will Leslie 0-0: Ball
1-0: Ball
2-0: Ball
3-0: Base on Balls
Miguel Gonzalez to second
Batting: LHB Ryan Flynn Jr. 0-0: Ball
1-0: Called Strike
1-1: Foul Ball, location: 2F
1-2: Ball
2-2: Ball
3-2: Foul Ball, location: 2F
3-2: Base on Balls
Miguel Gonzalez to third
Will Leslie to second
Batting: RHB Matt Dunn 0-0: Foul Ball, location: 2F
0-1: Ball
1-1: Foul Ball, location: 2F
1-2: Ball
2-2: Ball
3-2: Strikes out swinging
Bottom of the 7th over - 2 runs, 1 hit, 0 errors, 3 left on base; Boston 5 - Minnesota 3
TOP OF THE 8TH
Boston Red Sox batting - Pitching for Minnesota Twins : RHP Mike Torres
Batting: LHB Kevin McCormic Jr. 0-0: Called Strike
0-1: Foul Ball, location: 2F
0-2: Strikes out swinging
Batting: RHB David Price Jr. 0-0: Called Strike
0-1: Swinging Strike
0-2: Ball
1-2: Ball
2-2: Strikes out swinging
Batting: LHB Jarrett Mordecai 0-0: Ball
1-0: Called Strike
1-1: Called Strike
1-2: Strikes out swinging
Top of the 8th over - 0 runs, 0 hits, 0 errors, 0 left on base; Boston 5 - Minnesota 3
BOTTOM OF THE 8TH
Minnesota Twins batting - Pitching for Boston Red Sox : LHP Adam Schneidewind
Pitching: RHP Jaime Dunning
Batting: LHB Chaim Huting 0-0: Fly out, F7 (Flyball, 7LS, EV 92.5 MPH)
Batting: RHB Alex Rodriguez Jr. 0-0: Called Strike
0-1: Hit by Pitch
Batting: LHB Per Meulengracht 0-0: Grounds into double play, 3-6-1 (Groundball, 3, EV 102.5 MPH)
Bottom of the 8th over - 0 runs, 0 hits, 0 errors, 0 left on base; Boston 5 - Minnesota 3
TOP OF THE 9TH
Boston Red Sox batting - Pitching for Minnesota Twins : RHP Mike Torres
Pitching: RHP Bryce Schimmoeller
Batting: RHB Nick Esteves 0-0: Ground out 6-3 (Groundball, 6M, EV 87.5 MPH)
Batting: SHB Greg Shaw 0-0: Called Strike
0-1: Ball
1-1: Foul Ball, location: 2F
1-2: Strikes out swinging
Batting: RHB John Chiesa 0-0: Ball
1-0: Called Strike
1-1: Fly out, F8 (Flyball, 8RD, EV 102.5 MPH)
Top of the 9th over - 0 runs, 0 hits, 0 errors, 0 left on base; Boston 5 - Minnesota 3
BOTTOM OF THE 9TH
Minnesota Twins batting - Pitching for Boston Red Sox : RHP Jaime Dunning
Pitching: RHP Guadalupe Vasguez
Batting: RHB Miguel Diaz 0-0: Ball
1-0: SOLO HOME RUN (Flyball, 7LD, EV 96.9 MPH), Distance : 364 ft
Batting: RHB Miguel Gonzalez 0-0: Ball
1-0: Called Strike
1-1: Swinging Strike
1-2: Strikes out swinging
Batting: LHB Ricardo Batista 0-0: Ball
1-0: Ball
2-0: Ball
3-0: Base on Balls
Batting: RHB Will Leslie 0-0: Called Strike
0-1: Foul Ball, location: 2F
0-2: Ball
1-2: Fly out, F8 (Flyball, 89D, EV 105.6 MPH)
Batting: LHB Ryan Flynn Jr. 0-0: Fly out, F5 (Popup, 56, EV 70.0 MPH)
Bottom of the 9th over - 1 run, 1 hit, 0 errors, 1 left on base; Boston 5 - Minnesota 4
Tuesday, March 28th , 2023 - OOTP Baseball 23.10 Build 110